 Dungeon Crawl Stone Soup version 0.30-a0-800-g7c544603b3 (webtiles) character file.

Game seed: 1622913080260289491

296 barkas the Sneak (level 6, -10/56 HPs)
             Began as a Naga Wanderer on Feb 22, 2023.
             Was an Initiate of Hepliaklqana.
             Mangled by Crazy Yiuf
             ... wielding a +2 quarterstaff of chaos
              (17 damage)
             ... on level 3 of the Dungeon.
             The game lasted 00:04:02 (2629 turns).

barkas the Sneak (Naga Wanderer)                    Turns: 2629, Time: 00:04:03

Health: -10/56     AC:  3    Str: 17    XL:     6   Next: 34%
Magic:  6/6        EV:  9    Int: 11    God:    Hepliaklqana [......]
Gold:   133        SH:  0    Dex: 11    Spells: 5/5 levels left

rFire   . . .      SeeInvis +    d - +0 hand axe
rCold   . . .      Faith    .    (no shield)
rNeg    . . .      Spirit   .    i - +0 robe
rPois   +          Reflect  .    (no helmet)
rElec   .          Harm     .    (no cloak)
rCorr   .          Rampage  .    (no gloves)
Will    .....                    (no barding)
Stlth   +++                      (no amulet)
HPRegen 0.29/turn                (no ring)
MPRegen 0.10/turn                (no ring)

@: short of breath, very slow
A: AC +2, large, see invisible, deformed body, poison resistance, slowness 2,
spit poison 1, naga tail 1
a: Spit Poison, Renounce Religion


You were on level 3 of the Dungeon.
You worshipped Hepliaklqana.
Hepliaklqana was noncommittal.
You visited 1 branch of the dungeon, and saw 3 of its levels.

You collected 133 gold pieces.

Inventory:

Hand Weapons
 d - a +0 hand axe (weapon)
 m - a +0 dagger of electrocution
Armour
 g - a +0 leather armour
 i - a +0 robe (worn)
Jewellery
 n - an amulet of magic regeneration
 q - a +5 ring of evasion
 s - a +6 ring of intelligence
Scrolls
 a - a scroll of enchant weapon {unknown}
 f - a scroll of blinking
 j - a scroll of teleportation {unknown}
 k - 3 scrolls of amnesia {unknown}
 l - 5 scrolls of identify {unknown}
 o - 2 scrolls of immolation {unknown}
 p - a scroll of magic mapping {unknown}
 r - 2 scrolls of enchant armour {unknown}
 t - a scroll of acquirement {unknown}
 u - a scroll of fog {unknown}
Potions
 e - a potion of magic {unknown}


   Skills:
 + Level 3.2 Fighting
 * Level 7.2 Axes
 - Level 7.2 Stealth


You had 5 spell levels left.
You didn't know any spells.
Your spell library contained the following spells:

 Spells                   Type           Power      Damage    Failure   Level
 Lesser Beckoning         Tloc           0%         N/A       47%         2
 Gell's Gravitas          Tloc           0%         N/A       71%         3
 Teleport Other           Tloc           0%         N/A       71%         3


Dungeon Overview and Level Annotations

Branches:
Dungeon (3/15)

Altars:
Hepliaklqana

Annotations:
D:3 Crazy Yiuf


Innate Abilities, Weirdness & Mutations

Your serpentine skin is tough. (AC +2)
You have supernaturally acute eyesight. (SInv)
Armour fits poorly on your strangely shaped body.
Your system is resistant to poisons. (rPois)
You cover ground very slowly.
You can spit poison.
You have a snake-like lower body.


Message History

The poisoned dart closely misses Crazy Yiuf.
You have got your breath back.
Throw: dart (atropa)
Press: ? - help, Q - select action, (/) - cycle Shift-Dir - straight line, f/p - Crazy Yiuf
Aim: Crazy Yiuf, wielding a +2 quarterstaff of chaos and wearing a +2 cloak (lightly wounded, poisoned, 60% to hit, chance to blind on hit: 89%)
You throw an atropa-tipped dart.
The atropa-tipped dart closely misses Crazy Yiuf.
Crazy Yiuf barely misses you.
Aiming: Spit Poison (1% risk of failure)
Press: ? - help, Shift-Dir - straight line, f/p - Crazy Yiuf
Aim: Crazy Yiuf, wielding a +2 quarterstaff of chaos and wearing a +2 cloak (lightly wounded, poisoned, 65% to hit)
The splash of poison hits Crazy Yiuf.
Crazy Yiuf looks even sicker.
Crazy Yiuf is moderately wounded.
Crazy Yiuf grits, "Trifle!
Buddy cower fast."
Crazy Yiuf hits you with a +2 quarterstaff of chaos!
Crazy Yiuf draws strength from your wounds!
Throw: 2 darts (poison)
Press: ? - help, Q - select action, (/) - cycle Shift-Dir - straight line, f/p - Crazy Yiuf
Aim: Crazy Yiuf, wielding a +2 quarterstaff of chaos and wearing a +2 cloak (moderately wounded, very poisoned, 60% to hit)
You throw a poisoned dart.
The poisoned dart barely misses Crazy Yiuf.
Crazy Yiuf hits you with a +2 quarterstaff of chaos.
You are electrocuted!!
Throw: dart (poison)
Press: ? - help, Q - select action, (/) - cycle Shift-Dir - straight line, f/p - Crazy Yiuf
Aim: Crazy Yiuf, wielding a +2 quarterstaff of chaos and wearing a +2 cloak (moderately wounded, very poisoned, 60% to hit)
You throw a poisoned dart. The poisoned dart hits Crazy Yiuf.
Crazy Yiuf looks even sicker.
Crazy Yiuf is moderately wounded.
Crazy Yiuf barely misses you.
Throw: dart (datura)
Press: ? - help, Q - select action, (/) - cycle Shift-Dir - straight line, f/p - Crazy Yiuf
Aim: Crazy Yiuf, wielding a +2 quarterstaff of chaos and wearing a +2 cloak (moderately wounded, very poisoned, 60% to hit, chance to frenzy on hit: 87%)
You throw a datura-tipped dart. The datura-tipped dart hits Crazy Yiuf.
Crazy Yiuf flies into a frenzy!
Crazy Yiuf is moderately wounded.
Crazy Yiuf hits you with a +2 quarterstaff of chaos!
* * * LOW HITPOINT WARNING * * *
Crazy Yiuf hits you with a +2 quarterstaff of chaos!
You die...

.# ###.####.#.##.# .#
#.....##.#.##.#
.###.....##.....)#
...#....##########
.#.#....# .#.#....#
.#.##.####♣♣ ###
##.##....#.♣♣ ♣♣#..)#
##.###......♣♣♣♣@g..(#
...# ##......♣..♣#...#
#### ##.#..♣.♣♣♣ ###
##########♣♣♣♣♣
......# #####.####
#.)..# ######


You could see the neutral Crazy Yiuf (fast, strong, insane, very poisoned).

Vanquished Creatures
  Sigmund (D:2)
  An iguana (D:3)
  An orc wizard (D:3)
  Terence (D:2)
  An adder (D:2)
  A worm (D:3)
  A dart slug (D:2)
  7 orcs
  4 ball pythons
  A bat (D:1)
  5 endoplasms (D:1)
  3 giant cockroaches
  2 goblins
  3 hobgoblins (D:3)
  8 jackals
  3 kobolds
  2 quokkas
  3 frilled lizards
  3 rats (D:1)
51 creatures vanquished.

Notes
Turn   | Place    | Note
-------+----------+-------------------------------------------
     0 | D:1      | barkas the Naga Wanderer began the quest for the Orb.
     0 | D:1      | barkas set off with the following items: a +0 dagger, an
                  | atropa-tipped dart, a datura-tipped dart, a +0 hand axe, a
                  | potion of lignification, a scroll of blinking, a +0 leather
                  | armour.
     0 | D:1      | Reached XP level 1. HP: 15/15 MP: 1/1
   299 | D:1      | Reached XP level 2. HP: 24/24 MP: 2/2
   396 | D:1      | Reached skill level 1 in Fighting
   621 | D:1      | Reached XP level 3. HP: 31/31 MP: 3/3
   979 | D:2      | Noticed Terence
   993 | D:2      | Killed Terence
  1203 | D:2      | Noticed Sigmund
  1224 | D:2      | Killed Sigmund
  1225 | D:2      | Reached XP level 4. HP: 8/40 MP: 4/4
  1225 | D:2      | Reached XP level 5. HP: 10/48 MP: 5/5
  1714 | D:2      | Found a faded altar of an unknown god.
  1735 | D:3      | Found a hazy altar of Hepliaklqana.
  1757 | D:3      | Became a worshipper of Hepliaklqana the Forgotten
  1880 | D:3      | Reached XP level 6. HP: 56/56 MP: 6/6
  2100 | D:3      | Found a runed translucent door.
  2101 | D:3      | Noticed Crazy Yiuf
  2158 | D:3      | Identified the +2 short sword "Syemp" {flame, Fly}
  2629 | D:3      | Mangled by Crazy Yiuf

Illustrated notes

Levels and vault maps discovered:
D:1:      dpeg_arrival_court, layout_basic
D:2:      layout_loops_ring, shapermc_ecumenical_altar_mp_vishouse,
          uniq_sigmund, uniq_terence
D:3:      layout_loops_cross, mainiacjoe_overflow_tiny_flanked,
          uniq_crazy_yiuf_cottage

Skill      XL: |  1  2  3  4  5  6 |
---------------+-------------------+-----
Fighting       | 1 2 3 |  3.2
Axes           | 6 7 |  7.2
Stealth        | |  7.2

Action                     |  1- 3 |  4- 6 || total
---------------------------+-------+-------++-------
  Melee: Hand axe          |    60 |    40 ||   100
         Punch             |     1 |     1 ||     2
  Throw: Dart              |     9 |     7 ||    16
Ability: Spit Poison       |    28 |    22 ||    50
    Use: Potion            |     2 |       ||     2
   Stab: Sleeping          |     1 |       ||     1
 Armour: Robe              |     4 |     6 ||    10
  Dodge: Dodged            |    34 |    17 ||    51

Table legend: (Time is in decaauts)
 A = Elapsed time spent in this place.
 B = Non-inter-level travel time spent in this place.
 C = Inter-level travel time spent in this place.
 D = Time resting spent in this place.
 E = Time spent auto-exploring this place.
 F = Levels seen in this place.
 G = Mean time per level.
                   A        B        C        D        E       F      G
               +--------+--------+--------+--------+--------+-----+--------+
         Total |   3289 |   3235 |     54 |    438 |   2343 |   3 | 1096.3 |
       Dungeon |   3289 |   3235 |     54 |    438 |   2343 |   3 | 1096.3 |
               +--------+--------+--------+--------+--------+-----+--------+

Top non-repeatable levels by time:
     D:3: 1151 daAuts
     D:2: 1140 daAuts
     D:1: 997 daAuts
